 Dungeon Crawl Stone Soup version 0.30.1-9-gdf580d7c3d (webtiles) character file.

Game seed: 14447364536072109026

80 Graphine the Firebug (level 4, -1/33 HPs)
             Began as a Draconian Fire Elementalist on Oct 22, 2023.
             Slain by a gnoll
             ... wielding a +0 flail
              (5 damage)
             ... on level 3 of the Dungeon.
             The game lasted 00:06:29 (1792 turns).

Graphine the Firebug (Draconian Fire Elementalist)  Turns: 1792, Time: 00:06:30

Health: -1/33      AC:  6    Str: 10    XL:     4   Next: 18%
Magic:  2/7        EV: 12    Int: 17    God:
Gold:   138        SH:  0    Dex: 12    Spells: 4/7 levels left

rFire   + . .        k - +2 short sword (venom)
rCold   . . .        (no shield)
rNeg    . . .        (body armour unavailable)
rPois   .            (helmet restricted)
rElec   .            i - +0 cloak
rCorr   .            (no gloves)
SInv    .            (no boots)
Will    .....        (no amulet)
Stlth   ++           h - ring of protection from fire
HPRegen 0.25/turn    (no ring)
MPRegen 0.10/turn

%: no passive effects
@: no status effects
A: AC +5, unfitting armour, cold-blooded
a: no special abilities


You were on level 3 of the Dungeon.
You visited 1 branch of the dungeon, and saw 3 of its levels.

You collected 138 gold pieces.

Inventory:

Hand Weapons
 k - a +2 short sword of venom (weapon)
Missiles
 j - 3 datura-tipped darts
Armour
 i - a +0 cloak (worn)
Jewellery
 g - a ring of flight
 h - a ring of protection from fire (left hand)
Scrolls
 b - 2 scrolls of magic mapping
 e - 3 scrolls of amnesia
 l - a scroll of butterflies {unknown}
 p - a scroll of torment {unknown}
 q - 2 scrolls of identify
 r - a scroll of fog {unknown}
Potions
 a - a potion of magic
 c - a potion of might {unknown}
 d - 2 potions of curing
 f - a potion of brilliance {unknown}
 m - a potion of ambrosia {unknown}
 n - a potion of heal wounds {unknown}
 o - a potion of haste {unknown}


   Skills:
 - Level 1.7 Dodging
 - Level 1.7 Stealth
 - Level 2.0 Spellcasting
 - Level 1.0 Conjurations
 * Level 5.1 Fire Magic


You had 4 spell levels left.
You knew the following spells:

 Your Spells              Type           Power      Damage    Failure   Level
a - Foxfire               Conj/Fire      48%        2x1d6     5%          1
b - Scorch                Fire           38%        2d6       3%          2

Your spell library contained the following spells:

 Spells                   Type           Power      Damage    Failure   Level
 Inner Flame              Hex/Fire       10%        N/A       21%         3
 Volatile Blastmotes      Fire/Tloc      20%        2d11      21%         3
 Flame Wave               Conj/Fire      12%        2d6       50%         4


Dungeon Overview and Level Annotations

Branches:
Dungeon (3/15)

Altars:

Shops:
D:1 (


Innate Abilities, Weirdness & Mutations

Your plain brown scales are hard. (AC +5)
You cannot fit into any form of body armour.
You are cold-blooded and may be slowed by cold attacks.


Message History

The gnoll is no longer more vulnerable to fire.
The gnoll closely misses you. The gnoll misses you.
You hit the gnoll.
The gnoll is almost dead.
The gnoll closely misses you. x2
You barely miss the gnoll.
The gnoll is almost dead.
The gnoll closely misses you. The gnoll hits you but does no damage.
You closely miss the gnoll.
Your tail-slap misses the gnoll.
The gnoll is almost dead.
The gnoll hits you with a +0 halberd. The gnoll hits you but does no damage.
You barely miss the gnoll.
Your tail-slap misses the gnoll.
The gnoll is almost dead.
The gnoll closely misses you. The gnoll misses you.
You barely miss the gnoll. You tail-slap the gnoll.
You kill the gnoll!
The gnoll closely misses you.
Your Fire Magic skill increases to level 5!
You closely miss the hobgoblin.
You tail-slap the hobgoblin, but do no damage.
The hobgoblin hits you. The gnoll barely misses you.
You hit the hobgoblin but do no damage.
The hobgoblin is poisoned.
The hobgoblin hits you.
The gnoll hits you from afar with a +0 halberd.
You hit the hobgoblin.
The hobgoblin is almost dead.
You kill the hobgoblin!
The gnoll barely misses you.
You hit the gnoll but do no damage.
The gnoll is poisoned.
The gnoll hits you with a +0 flail.
The gnoll hits you from afar with a +0 halberd!
* * * LOW HITPOINT WARNING * * *
Okay, then.
It was a potion of curing.
You feel better. The gnoll misses you.
The gnoll hits you from afar with a +0 halberd!
* * * LOW HITPOINT WARNING * * *
The gnoll attacks as you move away! The gnoll closely misses you.
You see here a throwing net.
The gnoll attacks as you move away! The gnoll hits you with a +0 flail.
You die...

.# #.# .#
#.# .# #.#
.# ####.#
##.# #....#
#g. #.####
#)# #.# #g#
#.# #@#
#.## #.#
#..# #.#
##.## #.#
####..>####
#.#
#..........
#.#
#.##...####
#.#
#.###.##
#†# #.# #.#
#.# #.# #.#


You could see 2 gnolls.

Vanquished Creatures
  2 gnolls (D:3)
  2 adders (D:2)
  2 dart slugs
  4 endoplasms
  A giant cockroach (D:2)
  5 goblins
  7 hobgoblins
  2 kobolds
  4 ball pythons
  5 bats
  3 frilled lizards
  A rat (D:1)
38 creatures vanquished.

Vanquished Creatures (others)
  89 foxfires
89 creatures vanquished.

Grand Total: 127 creatures vanquished

Notes
Turn   | Place    | Note
-------+----------+-------------------------------------------
     0 | D:1      | Graphine the Draconian Fire Elementalist began the quest
                  | for the Orb.
     0 | D:1      | Reached XP level 1. HP: 14/14 MP: 3/3
   102 | D:1      | Found Qaiqob's Weapon Boutique.
   110 | D:1      | Reached XP level 2. HP: 20/20 MP: 1/5
   502 | D:1      | Found a faded altar of an unknown god.
   759 | D:2      | Reached skill level 4 in Fire Magic
   763 | D:2      | Reached XP level 3. HP: 26/26 MP: 0/6
   766 | D:2      | Learned a level 2 spell: Scorch
  1773 | D:3      | Reached XP level 4. HP: 33/33 MP: 2/7
  1786 | D:3      | Reached skill level 5 in Fire Magic
  1792 | D:3      | Slain by a gnoll

Illustrated notes

Levels and vault maps discovered:
D:1:      nicolae_arrival_somewhat_less_tricky_arrival, layout_rooms,
          chequers_ecumenical_altar_simple, serial_shops, shop
D:2:      layout_basic, minmay_misc_feat_five
D:3:      layout_loops_ring, mainiacjoe_overflow_catwalk

Skill      XL: |  1  2  3  4 |
---------------+-------------+-----
Fire Magic     | 4 5 |  5.1
Dodging        | |  1.7
Stealth        | |  1.7
Spellcasting   | |  2.0
Conjurations   | |  1.0

Action                     |  1- 3 |  4- 6 || total
---------------------------+-------+-------++-------
  Melee: Unarmed           |    33 |       ||    33
         Tailslap          |     3 |     3 ||     6
         Dagger            |     1 |       ||     1
         Short sword       |     7 |    12 ||    19
   Cast: Foxfire           |    50 |       ||    50
         Scorch            |     3 |     1 ||     4
    Use: Scroll            |     4 |       ||     4
         Potion            |       |     1 ||     1
 Armour: Skin              |    16 |     2 ||    18
  Dodge: Dodged            |    49 |    14 ||    63
